 Dungeon Crawl Stone Soup version 0.28.0-49-g6dfe1f597d (webtiles) character file.

Game seed: 12888876318056847347

10494 Spectrina the Summoner (level 11, -3/60 HPs)
             Began as a Deep Elf Monk on May 14, 2022.
             Was a Believer of Yredelemnul.
             Killed from afar by a deep elf pyromancer (29 damage)
             ... with a bolt of fire
             ... on level 11 of the Dungeon.
             The game lasted 01:17:14 (7400 turns).

Spectrina the Summoner (Deep Elf Monk)              Turns: 7400, Time: 01:17:15

Health: -3/60      AC: 15    Str: 15    XL:     11   Next: 36%
Magic:  13/21      EV: 15    Int: 16    God:    Yredelemnul [**....]
Gold:   124        SH:  4    Dex: 23    Spells: 7/21 levels left

rFire   . . .      SeeInvis +   q - +2 trident (vamp)
rCold   . . .      Faith    .   U - +0 buckler
rNeg    . . .      Spirit   .   j - +4 scale mail of the Modern Lobster {rElec Str+3}
rPois   .          Reflect  .   f - +1 helmet {SInv}
rElec   +          Harm     .   t - +1 cloak {Will+}
rCorr   .          Rampage  .   A - +0 pair of gloves
Will    ++...                   (no boots)
Stlth   +.........              (no amulet)
HPRegen 0.20/turn               e - +4 ring of evasion
MPRegen 0.17/turn               F - +6 ring of dexterity

@: no status effects
A: no striking features
a: Renounce Religion, Recall Undead Harvest, Dark Bargain


You were on level 11 of the Dungeon.
You worshipped Yredelemnul.
Yredelemnul was noncommittal.
You visited 1 branch of the dungeon, and saw 11 of its levels.

You collected 516 gold pieces.
You spent 392 gold pieces at shops.

Inventory:

Hand Weapons
 b - a +2 hand crossbow of flaming
 m - a +0 broad axe
 q - a +2 vampiric trident (weapon)
 u - a +0 hunting sling
 O - a +0 shortbow
 V - a +0 hand crossbow
Missiles
 c - 131 bolts
 i - 23 poisoned darts (quivered)
 o - 227 stones
 v - 2 throwing nets
 x - 8 boomerangs
 C - 142 arrows
 E - 96 sling bullets
 N - 5 javelins
Armour
 f - a +1 helmet of see invisible (worn)
 j - the +4 scale mail of the Modern Lobster (worn) {rElec Str+3}
   (You found it on level 2 of the Dungeon)

   Str:       It affects your strength (+3).
   rElec:     It insulates you from electricity.
 t - a +1 cloak of willpower (worn)
 A - a +0 pair of gloves (worn)
 K - a +2 leather armour of cold resistance
 U - a +0 buckler (worn)
 X - a +1 ring mail of cold resistance
Jewellery
 e - a +4 ring of evasion (left hand)
 F - a +6 ring of dexterity (right hand)
 L - a ring of magical power
Wands
 a - a wand of charming (3)
 y - a wand of mindburst (18)
 D - a wand of polymorph (11)
 M - a wand of acid (16)
 T - a wand of flame (14)
Scrolls
 d - a scroll of silence
 g - 3 scrolls of vulnerability
 h - 8 scrolls of teleportation
 l - 2 scrolls of fog {unknown}
 p - 3 scrolls of magic mapping {unknown}
 w - a scroll of enchant weapon
 z - 2 scrolls of fear
 H - a scroll of brand weapon {unknown}
 J - 2 scrolls of immolation {unknown}
 R - 2 scrolls of torment {unknown}
 W - a scroll of noise
Potions
 k - 3 potions of lignification
 n - a potion of attraction
 r - 9 potions of curing
 s - 3 potions of mutation
 B - 2 potions of ambrosia
 G - 2 potions of flight
 I - 2 potions of heal wounds
 P - 2 potions of magic
 S - a potion of resistance
 Y - a potion of invisibility
 Z - a potion of might
Miscellaneous
 Q - a box of beasts (inert)


   Skills:
 + Level 3.4 Fighting
 + Level 4.4 Polearms
 - Level 3.6 Dodging
 - Level 2.4 Stealth
 + Level 5.7 Spellcasting
 + Level 8.6 Conjurations
 + Level 9.9 Hexes
 * Level 12.5 Summonings
 - Level 7.0 Translocations
 * Level 6.9 Invocations


You had 7 spell levels left.
You knew the following spells:

 Your Spells              Type           Power      Damage    Failure   Level
f - Iskenderun's Mystic   Conj/Tloc      29%        2d7       32%         4
i - Summon Small Mammal   Summ           100%       N/A       1%          1
p - Call Canine Familiar  Summ           44%        N/A       1%          3
q - Dazzling Flash        Conj/Hex       68%        N/A       5%          3
y - Summon Guardian Gole  Hex/Summ       40%        N/A       2%          3

Your spell library contained the following spells:

 Spells                   Type           Power      Damage    Failure   Level
 Starburst                Conj/Fire      9%         6d5       100%        6
 Orb of Destruction       Conj           16%        9d7       100%        7
 Spellforged Servitor     Conj/Summ      19%        N/A       100%        7


Dungeon Overview and Level Annotations

Branches:
Dungeon (11/15)            Temple (0/1) D:6
   Lair: D:8-11         Orc: D:9-12

Altars:
Dithmenos
Elyvilon
Fedhas
Hepliaklqana
Makhleb
Nemelex Xobeh
Sif Muna
Wu Jian
Xom
Yredelemnul

Shops:
D:5 *


Message History

Casting: Dazzling Flash (dangerous; 5% risk of failure)
Confirm with . or Enter, or press ? or * to list all spells.
A guardian golem appears, shielding your allies.
The fire elemental hits your two-headed ogre zombie.
The fire elemental burns your two-headed ogre zombie!
Your two-headed ogre zombie barely misses the deep elf pyromancer.
Your two-headed ogre zombie hits the deep elf pyromancer.
The deep elf pyromancer hits your two-headed ogre zombie with a +0 short sword.
Unknown command.
The unseen horror is engulfed in blazing flames.
The unseen horror hits your two-headed ogre zombie!
The unseen horror is engulfed in blazing flames.
The unseen horror hits your two-headed ogre zombie but does no damage.
The fire elemental hits your two-headed ogre zombie.
The fire elemental burns your two-headed ogre zombie!
The unseen horror is engulfed in blazing flames.
The unseen horror dies!
A black mist starts to gather...
The fire elemental hits you. The fire elemental burns you!
Your two-headed ogre zombie barely misses the fire elemental.
Your two-headed ogre zombie hits the fire elemental.
The deep elf pyromancer hits your two-headed ogre zombie with a +0 short sword.
You can now trade souls for undead servants.
Unknown command.
Unknown command.
You swap places.
The fire elemental hits your guardian golem.
The fire elemental burns your guardian golem!
Your guardian golem resists.
The deep elf pyromancer gestures at you while chanting.
The bolt of fire hits your two-headed ogre zombie!!
Your two-headed ogre zombie is destroyed!
The bolt of fire misses the fire elemental.
The bolt of fire hits the fire elemental.
The fire elemental completely resists.
The bolt of fire hits your guardian golem!
Your guardian golem resists.
The bolt of fire hits you!!
You die...
Your body rises from the dead as a mindless zombie.

#... #.......# #..#.## ....
#.......# ##.#).# ###
#.####### #..#.# #. #..#.#
#. #..#.# #..#.## #.....#
#.##########.#.#.#
#.....e.EE9@.#...#########
#.###.°E#######h.........#
#.###Z#o○######...######.#
......°Ex§...........# #.#
#####..Q°######...##.###.###
#.C*W....|#........#....
#.........#...##########
#.....:...#......#<# #
#.........#..>.....# #


You could see a deep elf pyromancer (ally target), 3 fire elementals and a
friendly guardian golem (summoned).

Vanquished Creatures
  A two-headed ogre (D:9)
  2 ogres
  A sky beast (D:7)
  A necrophage (D:5)
  3 centaurs
  2 kobold brigands
  The ghost of nickcage the Gusty, an amateur DEAE (D:3)
  5 bullfrogs
  5 scorpions
  5 killer bees (D:9)
  4 howler monkeys
  3 centaur zombies
  4 orc priests
  5 hounds
  A jelly (D:7)
  Crazy Yiuf (D:3)
  Jessica (D:3)
  Natasha (thrice) (D:3)
  An iguana (D:5)
  5 orc wizards
  A howler monkey zombie (D:9)
  A howler monkey skeleton (D:7)
  8 gnolls
  7 adders
  5 white imps
  An ufetubus (D:7)
  An adder skeleton (D:4)
  2 worms
  3 dart slugs (D:4)
  17 orcs
  6 endoplasms
  2 giant cockroaches
  5 hobgoblins
  3 jackals (D:4)
  3 quokkas
  5 ball pythons
  5 bats
  3 frilled lizards
  8 goblins
  14 kobolds
  4 rats
158 creatures vanquished.

Vanquished Creatures (collateral kills)
  A hydra (D:11)
  A manticore (D:11)
  A gargoyle (D:7)
  2 trolls
  2 slime creatures (D:11)
  A shadow (D:11)
  A wyvern (D:10)
  An acid dragon (D:10)
  A water moccasin (D:5)
  An orc warrior (D:8)
  A black bear (D:4)
  2 necrophages (D:5)
  A sky beast (D:7)
  2 ogres
  A centaur (D:10)
  2 kobold brigands
  A bullfrog (D:6)
  A gnoll sergeant (D:9)
  A wyvern zombie (D:8)
  2 killer bees
  A wight (D:10)
  A centaur zombie (D:10)
  2 centaur skeletons
  An orc priest (D:9)
  A bullfrog skeleton (D:5)
  2 hounds
  An iguana (D:7)
  2 orc wizards
  A howler monkey zombie (D:7)
  5 gnolls
  A white imp (D:5)
  A dart slug (D:4)
  6 orcs
  2 ball pythons
  An endoplasm (D:1)
  A giant cockroach (D:1)
  A jackal (D:4)
  8 kobolds
  A quokka (D:1)
  A rat (D:1)
66 creatures vanquished.

Vanquished Creatures (others)
  2 two-headed ogres
  A spectral slime creature (D:11)
  A komodo dragon (D:10)
  An unseen horror (D:11)
  A hydra zombie (D:11)
  A wyvern (D:10)
  A wraith (D:10)
  A two-headed ogre zombie (D:11)
  2 orc warriors
  A manticore zombie (D:11)
  A komodo dragon zombie (D:10)
  A wyvern zombie (D:10)
  5 killer bees (D:10)
  A bullfrog zombie (D:4)
  An orc priest (D:9)
  A centaur zombie (D:5)
  A sky beast zombie (D:7)
  A hound zombie (D:5)
  2 howler monkey zombies
  A gnoll (D:5)
  A spectral jelly (D:7)
  2 adder zombies
  2 felid zombies (D:3)
  An iguana zombie (D:7)
  9 orc zombies
  5 spectral white imps
  An orc (D:6)
  A bat zombie (D:3)
  2 gnoll zombies
  A ball python zombie (D:4)
  2 hobgoblin zombies (D:3)
  5 kobold zombies
  A quokka zombie (D:3)
  A spectral endoplasm (D:4)
  2 bushes (D:7)
63 creatures vanquished.

Grand Total: 287 creatures vanquished

Notes
Turn   | Place    | Note
-------+----------+-------------------------------------------
     0 | D:1      | Spectrina the Deep Elf Monk began the quest for the Orb.
     0 | D:1      | Reached XP level 1. HP: 13/13 MP: 3/3
    64 | D:3      | Noticed Natasha
   193 | D:1      | Found a faded altar of an unknown god.
   196 | D:1      | Prayed at the altar of an unknown god.
   196 | D:1      | Became a worshipper of Yredelemnul the Dark
   196 | D:1      | Reached * piety under Yredelemnul
   208 | D:1      | Reached XP level 2. HP: 14/18 MP: 4/4
   218 | D:1      | Reached ** piety under Yredelemnul
   467 | D:3      | Noticed a howler monkey
   519 | D:2      | Identified the +4 scale mail of the Modern Lobster {rElec
                  | Str+3}
   540 | D:2      | Reached skill level 1 in Invocations
   762 | D:2      | Reached XP level 3. HP: 17/22 MP: 6/6
   848 | D:3      | Noticed Jessica
   862 | D:3      | Killed Jessica
   863 | D:3      | Reached skill level 1 in Spellcasting
   871 | D:3      | Found a runed translucent door.
   875 | D:3      | Noticed a bullfrog
   897 | D:4      | Found a hazy altar of Hepliaklqana.
   898 | D:4      | Noticed a black bear
   962 | D:3      | Learned a level 3 spell: Dazzling Flash
   987 | D:3      | Reached skill level 1 in Hexes
   987 | D:3      | Reached XP level 4. HP: 27/27 MP: 8/8
  1135 | D:2      | You fall into a shaft and drop 2 floors!
  1135 | D:4      | Noticed a scorpion
  1510 | D:3      | Learned a level 4 spell: Iskenderun's Mystic Blast
  1510 | D:3      | Reached XP level 5. HP: 31/31 MP: 10/10
  1565 | D:3      | Killed Natasha
  1566 | D:3      | Reached XP level 6. HP: 19/36 MP: 2/11
  1570 | D:3      | Noticed Natasha
  1577 | D:3      | Your ally Natasha died
  1583 | D:3      | Killed Natasha
  1819 | D:3      | Your ally Natasha died
  1869 | D:3      | Noticed nickcage's ghost (amateur DEAE)
  1902 | D:3      | Killed nickcage's ghost
  1942 | D:3      | Noticed Natasha
  1954 | D:3      | Killed Natasha
  1969 | D:3      | Learned a level 3 spell: Summon Guardian Golem
  2039 | D:3      | Found a runed translucent door.
  2040 | D:3      | Noticed Crazy Yiuf
  2050 | D:3      | Killed Crazy Yiuf
  2051 | D:3      | Reached XP level 7. HP: 26/40 MP: 5/12
  2199 | D:4      | Reached skill level 11 in Summonings
  2199 | D:4      | Reached XP level 8. HP: 45/45 MP: 13/13
  2442 | D:4      | Found a shimmering blue altar of Sif Muna.
  2675 | D:5      | Entered Level 5 of the Dungeon
  2852 | D:6      | Found a burning altar of Makhleb.
  2869 | D:6      | Found a staircase to the Ecumenical Temple.
  3034 | D:5      | Found Gioghuesm's Lightly-Used Armoury.
  3131 | D:5      | Reached XP level 9. HP: 46/49 MP: 15/15
  3135 | D:5      | Learned a level 3 spell: Call Canine Familiar
  3137 | D:5      | Learned a level 1 spell: Summon Small Mammal
  3238 | D:5      | Reached *** piety under Yredelemnul
  3354 | D:5      | Found a shimmering altar of Xom.
  3494 | D:5      | Found an ornate altar of the Wu Jian Council.
  3897 | D:7      | Found a blossoming altar of Fedhas.
  3897 | D:7      | Noticed a gargoyle
  4169 | D:7      | Killed a gargoyle
  4260 | D:7      | Found a sparkling altar of Nemelex Xobeh.
  4698 | D:8      | Reached skill level 5 in Invocations
  4698 | D:8      | Reached XP level 10. HP: 48/54 MP: 16/18
  5200 | D:8      | Noticed a cyclops
  5200 | D:8      | Noticed a rakshasa
  5200 | D:8      | Noticed a cyclops
  5200 | D:8      | Noticed a catoblepas
  5209 | D:8      | Noticed a gargoyle
  5209 | D:8      | Noticed a purple ugly thing
  5212 | D:8      | Noticed a deep elf pyromancer
  5937 | D:9      | Found a shadowy altar of Dithmenos.
  6217 | D:9      | Noticed a two-headed ogre
  6237 | D:9      | Killed a two-headed ogre
  6317 | D:9      | Found Noudes's Distillery.
  6418 | D:10     | Entered Level 10 of the Dungeon
  6463 | D:9      | Bought a potion of invisibility for 112 gold pieces
  6463 | D:9      | Bought a potion of flight for 42 gold pieces
  6463 | D:9      | Bought a potion of curing for 42 gold pieces
  6463 | D:9      | Bought a potion of might for 56 gold pieces
  6463 | D:9      | Bought a potion of degeneration for 14 gold pieces
  6463 | D:9      | Bought a potion of curing for 42 gold pieces
  6463 | D:9      | Bought a potion of curing for 42 gold pieces
  6463 | D:9      | Bought a potion of curing for 42 gold pieces
  6497 | D:11     | Noticed a cyclops
  6508 | D:10     | Found a white marble altar of Elyvilon.
  6570 | D:10     | Found a basalt altar of Yredelemnul.
  6690 | D:10     | Noticed a two-headed ogre
  6691 | D:10     | Noticed a two-headed ogre
  6696 | D:10     | Reached skill level 12 in Summonings
  6696 | D:10     | Killed a two-headed ogre
  6709 | D:10     | Reached skill level 5 in Spellcasting
  7057 | D:10     | Reached XP level 11. HP: 39/60 MP: 7/20
  7294 | D:11     | Noticed a two-headed ogre
  7316 | D:11     | Killed a two-headed ogre
  7357 | D:11     | Noticed a six-headed hydra
  7382 | D:11     | Killed a six-headed hydra
  7384 | D:11     | Noticed an orc knight
  7385 | D:11     | Noticed a deep elf pyromancer
  7386 | D:11     | Identified the +0 buckler "Qethatirch" {Rampage Will+
                  | Int+5}
  7400 | D:11     | Killed from afar by a deep elf pyromancer

Illustrated notes

Levels and vault maps discovered:
D:1:      kennysheep_arrival_forest, layout_basic,
          shapermc_ecumenical_altar_mp_urbaneastern
D:2:      layout_loops_ring, minmay_misc_feat_alley
D:3:      layout_rooms, ebering_ghost_sewer_d, hangedman_decor_points,
          corner_web_ring, minmay_crystal_water, uniq_jessica,
          uniq_crazy_yiuf_cottage, uniq_natasha
D:4:      layout_rooms, mainiacjoe_overflow_catwalk_spiral,
          minmay_fractal_squares_diagonal_5
D:5:      kennysheep_six_static_rooms, layout_rooms, xom_confusion_cloud,
          old_standard_altar, minmay_shop_damaged
D:6:      layout_basic, mainiacjoe_overflow_alcove_2,
          minmay_temple_entry_junction, minmay_strange_pillars
D:7:      layout_loops_ring, nicolae_overflow_crystal_walls,
          fedhas_bush_and_centaur_altar, eino_tiny_chamber
D:8:      layout_basic, grunt_decor_arrowhead, minivault_12
D:9:      layout_loops_corners, grunt_dithmenos_smoke_and_mirrors, serial_shops,
          nicolae_take_the_stairs, chequers_serial_rivers_micro_c,
          minmay_misc_feat_more_columns
D:10:     hangedman_cross_stitches, layout_irregular_city, kennysheep_ying_yang
D:11:     minmay_cut_squares, layout_basic, david_lair_generic,
          nicolae_ru_awakened_eye

Skill      XL: |  1  2  3  4  5  6  7  8  9 10 |
---------------+-------------------------------+-----
Invocations    | 1 2 3 4 5 6 |  6.9
Spellcasting   | 1 2 3 4 5 |  5.7
Polearms       | 3 4 |  4.4
Hexes          | 1 8 9 |  9.9
Conjurations   | 7 8 |  8.6
Translocations | 7 |  7.0
Summonings     | 11 12 | 12.5
Fighting       | 3 |  3.4
Dodging        | |  3.6
Stealth        | |  2.4

Action                   |  1- 3 |  4- 6 |  7- 9 | 10-12 || total
-------------------------+-------+-------+-------+-------++-------
Melee: Spear             |   107 |   120 |       |       ||   227
       Punch             |     1 |     1 |     4 |       ||     6
       Trident           |       |    29 |   329 |   214 ||   572
       Unarmed           |       |    10 |       |       ||    10
Throw: Dart              |       |       |     3 |       ||     3
 Cast: Dazzling Flash    |       |     5 |    17 |    12 ||    34
       Summon Guardian G |       |       |     3 |     9 ||    12
       Summon Small Mamm |       |       |    11 |    21 ||    32
       Call Canine Famil |       |       |    10 |    20 ||    30
Invok: Dark Bargain      |     1 |       |       |       ||     1
       Recall Undead Har |       |       |     1 |     1 ||     2
Evoke: Wand              |       |       |       |     1 ||     1
       Box of beasts     |       |       |       |     1 ||     1
  Use: Potion            |     2 |     2 |     1 |     1 ||     6
       Scroll            |       |     5 |     8 |     4 ||    17
 Stab: Sleeping          |     3 |       |     3 |     1 ||     7
       Distracted        |     1 |     1 |     8 |     3 ||    13
       Invisible         |       |     2 |     7 |     5 ||    14
Armor: Robe              |     8 |       |       |       ||     8
       Scale mail        |    10 |    43 |   136 |    96 ||   285
       Skin              |       |     8 |       |       ||     8
Dodge: Dodged            |    51 |    82 |   302 |   194 ||   629
Block: Buckler           |       |       |       |    36 ||    36
